AoeStats
← Boar

Arena

510486912Analyzed
4v4 RM · 24h ago on Oct 1, 2026· 43m 58s· 8 players
Game mode
Random Map
Map size
Large (8 player)
Population
200
Speed
Normal
Resources
Standard
Victory
Conquest
Starting age
Dark Age
Ending age
Imperial Age
RankedLock teamsTeams togetherTeam positionsShared explorationLock speedFull tech treeHidden civsTurbo modeCheats
Victory
Defeat
🇮🇳 Saracens · India
1370
+16
🇰🇼 Georgians · Kuwait
1332
+17
🇫🇮 Bohemians · Finland
1320
+18
🇨🇴 Mongols · Colombia
1292
+18
🇨🇳 Celts · China
1403
-19
🇨🇳 Danes · China
1358
-17
🇨🇳 Varangians · China
1356
-17
🇨🇳 Spanish · China
1330
-16
张世豪
9:59 Feudal Age
13:55 Castle Age
12:43 Double-Bit Axe
12:39 Horse Collar
15:22 Bow Saw
16:24 Loom
20:39 Arson
27:32 Imperial Age
24:58 Gold Mining
26:55 Wheelbarrow
26:56 Heavy Plow
27:10 Scale Mail Armor
29:24 Hand Cart
30:42 Gambesons
30:59 Squires
31:12 Forging
32:02 Conscription
32:27 Fletching
32:38 Padded Archer Armor
33:24 Gold Shaft Mining
32:35 Elite Skirmisher
33:21 Thumb Ring
34:03 Ballistics
34:07 Leather Archer Armor
35:51 Bodkin Arrow
36:58 Chemistry
38:49 Bracer
丧心病狂
10:40 Feudal Age
14:34 Castle Age
12:59 Double-Bit Axe
13:39 Stone Mining
15:25 Bow Saw
23:47 Gold Mining
25:24 Horse Collar
27:19 Fletching
31:05 Imperial Age
30:26 Padded Archer Armor
30:17 Fletching
31:44 Leather Archer Armor
31:43 Bodkin Arrow
32:21 Conscription
33:23 Conscription
33:36 Ring Archer Armor
34:22 Bracer
42:08 Forging
42:03 Scale Barding Armor
杨吉光
3:16 Loom
10:42 Feudal Age
14:58 Castle Age
13:51 Double-Bit Axe
13:52 Horse Collar
17:34 Scale Barding Armor
19:44 Scale Barding Armor
20:43 Bloodlines
22:49 Husbandry
26:26 Gold Mining
30:25 Imperial Age
28:33 Wheelbarrow
28:12 Bow Saw
28:24 Chain Barding Armor
29:02 Forging
30:06 Vendel Legacy
31:23 Iron Casting
30:44 Cavalier
33:16 Plate Barding Armor
39:22 Blast Furnace
Boar
10:44 Feudal Age
11:34 Double-Bit Axe
14:47 Castle Age
13:03 Horse Collar
16:05 Bow Saw
16:21 Heavy Plow
20:19 Wheelbarrow
23:43 Loom
23:53 Gold Mining
24:53 Stone Mining
25:40 Gold Shaft Mining
26:26 Ballistics
29:02 Imperial Age
26:50 Hand Cart
26:21 Town Watch
27:04 Scale Mail Armor
27:15 Forging
28:04 Chain Mail Armor
27:33 Pikeman
28:12 Arson
29:45 Fortified Wall
29:48 Masonry
29:14 Halberdier
30:09 Furor Celtica
30:33 Plate Mail Armor
30:38 Iron Casting
31:08 Chemistry
29:35 Capped Ram
30:19 Heavy Scorpion
31:49 Siege Engineers
34:50 Masonry
35:03 Conscription
34:35 Siege Ram
40:43 Blast Furnace
snek_fan
9:37 Feudal Age
13:22 Castle Age
12:07 Double-Bit Axe
12:34 Horse Collar
20:00 Wheelbarrow
19:16 Loom
20:16 Crossbowman
21:02 Fletching
21:58 Bodkin Arrow
24:28 Heavy Plow
24:41 Bow Saw
25:42 Hand Cart
25:30 Gold Mining
25:40 Stone Mining
30:21 Imperial Age
27:42 Town Watch
28:27 Thumb Ring
28:59 Padded Archer Armor
29:41 Ballistics
30:01 Town Patrol
30:17 Leather Archer Armor
30:42 Fortified Wall
30:30 Arbalester
31:13 Bracer
32:38 Chemistry
33:04 Ring Archer Armor
34:11 Capped Ram
35:12 Bloodlines
35:03 Husbandry
35:17 Siege Ram
36:22 Scale Barding Armor
36:27 Forging
37:49 Siege Ram
37:56 Elite Mameluke
39:12 Hoardings
39:04 Conscription
39:46 Gold Shaft Mining
39:49 Chain Barding Armor
38:52 Elite Mameluke
42:03 Plate Barding Armor
42:03 Iron Casting
42:46 Siege Engineers
alktam
5:28 Loom
12:05 Feudal Age
13:31 Double-Bit Axe
15:57 Castle Age
14:17 Horse Collar
17:02 Bow Saw
16:53 Heavy Plow
20:24 Fletching
20:21 Loom
25:20 Wheelbarrow
25:58 Scale Barding Armor
27:07 Chain Barding Armor
27:24 Forging
31:13 Imperial Age
29:20 Hand Cart
29:42 Iron Casting
29:46 Bodkin Arrow
30:48 Guard Tower
31:18 Ballistics
31:09 Masonry
30:40 Treadmill Crane
31:20 Bloodlines
31:11 Husbandry
32:29 Plate Barding Armor
32:55 Blast Furnace
32:14 Elite Monaspa
33:28 Svan Towers
34:01 Keep
34:05 Bracer
34:28 Padded Archer Armor
38:26 Arrowslits
39:42 Chemistry
39:12 Architecture
39:15 Siege Engineers
39:07 Murder Holes
39:55 Conscription
39:28 Gold Mining
39:29 Stone Mining
39:26 Light Cavalry
42:19 Coinage
42:28 Stone Shaft Mining
[T41] Cristian
8:55 Feudal Age
11:23 Loom
14:11 Castle Age
13:21 Double-Bit Axe
13:17 Horse Collar
18:59 Fletching
21:54 Bodkin Arrow
22:30 Padded Archer Armor
24:53 Ballistics
24:34 Town Watch
25:29 Wheelbarrow
28:31 Bloodlines
28:21 Husbandry
29:44 Nomads
30:44 Leather Archer Armor
33:48 Imperial Age
33:11 Thumb Ring
35:22 Bracer
36:24 Chemistry
37:34 Bow Saw
38:03 Parthian Tactics
39:25 Leather Archer Armor
39:09 Gold Mining
39:17 Herbal Medicine
41:16 Siege Engineers
41:21 Masonry
42:02 Hand Cart
42:09 Light Cavalry
43:02 Forging
42:58 Scale Barding Armor
44:26 Heavy Plow
45:04 Gold Shaft Mining
44:20 Stone Mining
45:06 Iron Casting
engarvi
9:12 Feudal Age
14:14 Castle Age
12:53 Double-Bit Axe
13:11 Horse Collar
15:11 Bow Saw
17:45 Fervor
21:16 Sanctity
23:15 Loom
26:03 Imperial Age
25:32 Chemistry
24:41 Padded Archer Armor
26:13 Wheelbarrow
25:04 Pikeman
26:00 Leather Archer Armor
29:16 Ring Archer Armor
30:47 Redemption
30:51 Siege Engineers
31:49 Block Printing
32:19 Scale Mail Armor
31:40 Halberdier
32:54 Houfnice
34:51 Heavy Plow
37:50 Masonry
42:18 Fletching
43:32 Architecture
Connection lost

Rejoining the realm…

Still unreachable

The connection could not be restored.

Session expired

The server has moved on; the page needs a fresh start.